 Dungeon Sprint DCSS version 0.30-a0-34-gbe8da3892a (webtiles) character file.

Game seed: 18144980812145956357

7557 mhtbhm the Sorcerer (level 10, 0/54 HPs)
             Began as a Deep Elf Fire Elementalist on Aug 27, 2022.
             Was the Champion of Vehumet.
             Slain by a cane toad (9 damage)
             ... in the Dungeon (Sprint III: "The Ten Rune Challenge").
             The game lasted 00:08:41 (2799 turns).

mhtbhm the Sorcerer (Deep Elf Fire Elementalist)    Turns: 2799, Time: 00:08:41

Health: 0/54       AC:  9    Str:  5    XL:     10   Next: 96%
Magic:  25/37      EV: 14    Int: 25    God:    Vehumet [******]
Gold:   1552       SH:  0    Dex: 15    Spells: 33/51 levels left

rFire   . . .      SeeInvis .    o - +2 dagger (venom)
rCold   . . .      Faith    .    (no shield)
rNeg    . . .      Spirit   .    a - +2 troll leather armour {Snorg}
rPois   .          Reflect  .    (no helmet)
rElec   .          Harm     .    d - +2 cloak
rCorr   .          Rampage  .    (no gloves)
Will    +....      NoTele   +    (no boots)
Stlth   ++........               (no amulet)
HPRegen 0.98/turn                (no ring)
MPRegen 0.25/turn                (no ring)

@: lethally poisoned (0 -> -6), very slow
A: no striking features
a: Renounce Religion


You were in the Dungeon.
You worshipped Vehumet.
Vehumet was exalted by your worship.
You visited 1 branch You collected 1956 gold pieces.
You spent 404 gold pieces at shops.

Inventory:

Hand Weapons
 o - a +2 dagger of venom (weapon)
Armour
 a - a +2 troll leather armour (worn) {Snorg}
 d - a +2 cloak (worn)
 i - an orb of light
Scrolls
 j - a scroll of torment
 l - a scroll of poison
Potions
 b - 3 potions of magic
 h - 3 potions of brilliance
 m - a potion of flight {unknown}
 n - 5 potions of mutation
Miscellaneous
 p - a tin of tremorstones (1/2)


   Skills:
 + Level 2.7 Fighting
 + Level 2.2 Short Blades
 + Level 3.7 Armour
 + Level 7.2 Dodging
 + Level 6.2 Stealth
 + Level 21.2 Spellcasting
 + Level 8.0 Conjurations
 + Level 3.3 Hexes
 + Level 18.2 Fire Magic
 + Level 0.5 Earth Magic
 + Level 1.9 Evocations


You had 33 spell levels left.
You knew the following spells:

 Your Spells              Type           Power      Damage    Failure   Level
a - Foxfire               Conj/Fire      100%       2x1d9     0%          1
b - Scorch                Fire           100%       2d10      0%          2
c - Conjure Flame         Conj/Fire      75%        6-21      1%          3
d - Inner Flame           Hex/Fire       69%        N/A       1%          3
e - Flame Wave            Conj/Fire      75%        2d17      1%          4
f - Lee's Rapid Deconstr  Erth           14%        3d10*     14%         5

Your spell library contained the following spells:

 Spells                   Type           Power      Damage    Failure   Level
 Lightning Bolt           Conj/Air       23%        1d38      3%          5
 Gell's Gravitas          Tloc           26%        N/A       8%          3
 Lesser Beckoning         Tloc           26%        N/A       8%          3
 Teleport Other           Tloc           26%        N/A       8%          3


Dungeon Overview and Level Annotations

Branches:
Dungeon (1/1)

Altars:
Cheibriados
Dithmenos
Elyvilon
Fedhas
Gozag
Hepliaklqana
Kikubaaqudgha
Makhleb
Nemelex Xobeh
Okawaru
Qazlal
Ru
Sif Muna
Trog
Uskayaw
Vehumet
Wu Jian
Xom
Yredelemnul
Zin
The Shining One
Jiyva
Lugonu

Shops:
D [


Message History

The cane toad poisons you!
You feel better. The cane toad stings you.
You are poisoned.
The cane toad poisons you!
Unknown command.
Casting: Scorch (safe; 0% risk of failure)
Confirm with . or Enter, or press ? or * to list all spells.
Flames lash the cane toad.
The cane toad is burned terribly!
The cane toad is almost dead.
You feel very sick. The cane toad completely misses you.
Unknown command.
Okay, then.
Casting: Scorch (safe; 0% risk of failure)
Confirm with . or Enter, or press ? or * to list all spells.
Flames lash the cane toad.
The cane toad is burned terribly!
You kill the cane toad!
Vehumet accepts your kill.
You feel your power returning.
You feel very sick.
Your Conjurations skill increases to level 8!
You feel better. The cane toad barely misses you. The cane toad stings you!
* * * LOW HITPOINT WARNING * * *
You are poisoned.
The cane toad poisons you!
Casting: Scorch (safe; 0% risk of failure)
Confirm with . or Enter, or press ? or * to list all spells.
Okay, then.
Okay, then.
Okay, then.
Okay, then.
Casting: Scorch (safe; 0% risk of failure)
Confirm with . or Enter, or press ? or * to list all spells.
Flames lash the cane toad.
The cane toad is moderately wounded.
The cane toad's fire resistance burns away.
* * * LOW HITPOINT WARNING * * *
You feel very sick. The cane toad stings you!
You die...

~~~♣....'.⌠......).#.#....∩#.##
≈≈~~~...#...######)#.##.#.###.#
≈~~~....#.⌠.#__#..)#)############
~~~.....#...#__#)..#).~§§'.#)'.).
~...)...#[###__#..)#.#§§§#.#.#)..
........#.).#__#...'.#§§§#.#.#...
........#___#__'...#.#.§§#...#...
▓▓▓▓▓▓▓▓▓▓▓▓▓▓▓▓▓▓▓▓▓▓▓▓▓▓▓▓▓▓▓▓▓
♣@~~........~~~...
♣F♣≈≈≈≈≈≈≈≈≈≈≈≈♣♣P.
.~♣♣♣♣♣♣♣♣♣♣♣♣♣♣♣♣PP #.† ♣♣♣ ##


You could see a cane toad (combustible).

Vanquished Creatures
  Snorg (D)
  A centaur warrior (D)
  2 orc high priests (D)
  A deep elf pyromancer (D)
  A cane toad (D)
  2 unseen horrors (D)
  A komodo dragon (D)
  3 wandering mushrooms (D)
  A queen bee (D)
  A shadow (D)
  A spatial vortex (D)
  3 orc warriors (D)
  2 centaurs (D)
  An earth elemental (D)
  A water elemental (D)
  A necrophage (D)
  32 killer bees (D)
  An orc priest (D)
  A jelly (D)
  Jessica (D)
  A wizard (D)
  An orc wizard (D)
  A necromancer (D)
  A kobold demonologist (D)
  3 humans (D)
  A phantom (D)
  11 orcs (D)
  2 endoplasms (D)
79 creatures vanquished.

Vanquished Creatures (others)
  23 foxfires (D)
23 creatures vanquished.

Grand Total: 102 creatures vanquished

Notes
Turn   | Place    | Note
-------+----------+-------------------------------------------
     0 | D        | mhtbhm the Deep Elf Fire Elementalist began the quest for
                  | the Orb.
     0 | D        | Reached XP level 1. HP: 10/10 MP: 6/6
   103 | D        | Noticed Jessica
   108 | D        | Killed Jessica
   109 | D        | Reached skill level 4 in Spellcasting
   109 | D        | Reached skill level 5 in Fire Magic
   109 | D        | Reached XP level 2. HP: 15/15 MP: 2/9
   109 | D        | Reached XP level 3. HP: 19/19 MP: 2/11
   242 | D        | Learned a level 2 spell: Scorch
   246 | D        | Reached skill level 5 in Spellcasting
   422 | D        | Learned a level 3 spell: Conjure Flame
   426 | D        | Learned a level 3 spell: Inner Flame
   648 | D        | Noticed a water elemental
   651 | D        | Killed a water elemental
   652 | D        | Reached skill level 6 in Spellcasting
   652 | D        | Reached XP level 4. HP: 24/24 MP: 5/14
   720 | D        | Learned a level 4 spell: Flame Wave
   729 | D        | Found a radiant altar of Vehumet.
   730 | D        | Found a shimmering blue altar of Sif Muna.
   730 | D        | Found an ancient bone altar of Kikubaaqudgha.
   730 | D        | Noticed a wizard
   731 | D        | Killed a wizard
   732 | D        | Reached skill level 7 in Spellcasting
   735 | D        | Reached skill level 5 in Dodging
   735 | D        | Reached XP level 5. HP: 28/28 MP: 8/16
   737 | D        | Became a worshipper of Vehumet
   753 | D        | Found a glowing silver altar of Zin.
   753 | D        | Found a glowing golden altar of the Shining One.
   753 | D        | Found a white marble altar of Elyvilon.
   753 | D        | Noticed a deep elf pyromancer
   756 | D        | Killed a deep elf pyromancer
   757 | D        | Reached skill level 1 in Fighting
   757 | D        | Reached skill level 5 in Stealth
   757 | D        | Reached skill level 11 in Spellcasting
   757 | D        | Reached XP level 6. HP: 34/34 MP: 5/22
   757 | D        | Reached XP level 7. HP: 38/38 MP: 5/23
   863 | D        | Found a basalt altar of Yredelemnul.
   863 | D        | Found a shadowy altar of Dithmenos.
   863 | D        | Found a sacrificial altar of Ru.
   866 | D        | Reached * piety under Vehumet
   866 | D        | Offered knowledge of Magic Dart by Vehumet.
   913 | D        | Found a hide-covered altar of Uskayaw.
   913 | D        | Found an iron altar of Okawaru.
   913 | D        | Found a bloodstained altar of Trog.
   913 | D        | Found an ornate altar of the Wu Jian Council.
   913 | D        | Noticed a human
   913 | D        | Noticed a human
   918 | D        | Killed a human
   919 | D        | Reached skill level 12 in Spellcasting
   920 | D        | Killed a human
   921 | D        | Reached skill level 13 in Spellcasting
  1073 | D        | Noticed a shadow
  1076 | D        | Killed a shadow
  1076 | D        | Offered knowledge of Shock by Vehumet.
  1076 | D        | Reached ** piety under Vehumet
  1077 | D        | Reached XP level 8. HP: 43/43 MP: 21/27
  1211 | D        | Found a blossoming altar of Fedhas.
  1211 | D        | Found a stormy altar of Qazlal.
  1211 | D        | Found a snail-covered altar of Cheibriados.
  1211 | D        | Found a burning altar of Makhleb.
  1211 | D        | Found a shimmering altar of Xom.
  1212 | D        | Found a hazy altar of Hepliaklqana.
  1212 | D        | Found an opulent altar of Gozag.
  1212 | D        | Found a sparkling altar of Nemelex Xobeh.
  1212 | D        | Found a corrupted altar of Lugonu.
  1212 | D        | Found a viscous altar of Jiyva.
  1230 | D        | Reached skill level 14 in Spellcasting
  1436 | D        | Noticed Snorg
  1492 | D        | Killed Snorg
  1492 | D        | Offered knowledge of Mephitic Cloud by Vehumet.
  1493 | D        | Reached skill level 16 in Spellcasting
  1493 | D        | Reached skill level 1 in Hexes
  1493 | D        | Reached skill level 15 in Fire Magic
  1631 | D        | Noticed an orc high priest
  1631 | D        | Noticed an orc high priest
  1633 | D        | Noticed a red devil
  1633 | D        | Reached *** piety under Vehumet
  1640 | D        | Noticed an ice devil
  1642 | D        | Reached XP level 9. HP: 38/47 MP: 22/31
  1662 | D        | Offered knowledge of Airstrike by Vehumet.
  1663 | D        | Reached **** piety under Vehumet
  1670 | D        | Killed an orc high priest
  1671 | D        | Reached skill level 1 in Armour
  1671 | D        | Reached skill level 17 in Spellcasting
  1671 | D        | Reached skill level 5 in Conjurations
  1767 | D        | Reached ***** piety under Vehumet
  1815 | D        | Offered knowledge of Ignite Poison by Vehumet.
  1835 | D        | Noticed a soul eater
  1836 | D        | Killed an orc high priest
  1837 | D        | Reached skill level 18 in Spellcasting
  1840 | D        | Found Xihu's Antique Armour Emporium.
  2000 | D        | Bought an embroidered cloak for 202 gold pieces
  2001 | D        | Bought an embroidered cloak for 202 gold pieces
  2043 | D        | Offered knowledge of Lee's Rapid Deconstruction by Vehumet.
  2219 | D        | Learned a level 5 spell: Lee's Rapid Deconstruction
  2224 | D        | Noticed a centaur warrior
  2233 | D        | Killed a centaur warrior
  2234 | D        | Reached skill level 19 in Spellcasting
  2234 | D        | Reached XP level 10. HP: 10/53 MP: 25/35
  2388 | D        | Reached skill level 1 in Short Blades
  2391 | D        | Reached skill level 1 in Evocations
  2428 | D        | Offered knowledge of Starburst by Vehumet.
  2630 | D        | Reached skill level 20 in Spellcasting
  2631 | D        | Reached ****** piety under Vehumet
  2631 | D        | Offered knowledge of Lightning Bolt by Vehumet.
  2788 | D        | Noticed a cane toad
  2788 | D        | Noticed a cane toad
  2794 | D        | Reached skill level 21 in Spellcasting
  2797 | D        | Killed a cane toad
  2799 | D        | Slain by a cane toad

Illustrated notes

Levels and vault maps discovered:
D:        dungeon_sprint_mu [sprint_mu_entry_forest, sprint_mu_temple_rooms,
          sprint_mu_d1_horrors, sprint_mu_d2_genie, sprint_mu_d3_branching,
          sprint_mu_orc_legion, sprint_mu_elf_gauntlet, sprint_mu_hive_nellie,
          sprint_mu_lair_fedhas, sprint_mu_vaults_butterflies,
          sprint_mu_slime_circle, sprint_mu_swamp_cave, sprint_mu_snake_twists,
          sprint_mu_blade_basic, sprint_mu_crypt_chambers,
          sprint_mu_tomb_spiral, sprint_mu_vestibule_basic,
          sprint_mu_gehenna_hellfire, sprint_mu_dis_giant,
          sprint_mu_tartarus_statrot, sprint_mu_cocytus_islands, sprint_mu_zot1]

Skill      XL: |  1  2  3  4  5  6  7  8  9 10 |
---------------+-------------------------------+-----
Fire Magic     | 5 8 12 14 15 16 18 | 18.2
Dodging        | 3 4 5 6 7 |  7.2
Stealth        | 3 4 5 6 |  6.2
Spellcasting   | 4 6 7 11 13 16 19 21 | 21.2
Conjurations   | 2 3 4 6 8 |  8.0
Fighting       | 1 2 |  2.7
Hexes          | 1 2 3 |  3.3
Armour         | 2 3 |  3.7
Short Blades   | 2 |  2.2
Evocations     | 1 |  1.9
Earth Magic    | |  0.5

Action                   |  1- 3 |  4- 6 |  7- 9 | 10-12 || total
-------------------------+-------+-------+-------+-------++-------
Melee: Dagger            |       |       |    12 |       ||    12
 Cast: Foxfire           |    14 |       |       |       ||    14
       Scorch            |     6 |     6 |    10 |    21 ||    43
       Flame Wave        |       |       |    20 |     5 ||    25
       Inner Flame       |       |       |     2 |       ||     2
Evoke: Tin of tremorston |       |       |     2 |     1 ||     3
  Use: Scroll            |       |       |     4 |       ||     4
       Potion            |       |       |     3 |     2 ||     5
Armor: Troll leather arm |       |       |     9 |     3 ||    12
Dodge: Dodged            |     1 |       |    33 |    11 ||    45

Table legend: (Time is in decaauts)
 A = Elapsed time spent in this place.
 B = Non-inter-level travel time spent in this place.
 C = Inter-level travel time spent in this place.
 D = Time resting spent in this place.
 E = Time spent auto-exploring this place.
 F = Levels seen in this place.
 G = Mean time per level.
                   A        B        C        D        E       F      G
               +--------+--------+--------+--------+--------+-----+--------+
         Total |   2798 |   2798 |      0 |   2058 |      1 |   1 | 2798.0 |
       Dungeon |   2798 |   2798 |      0 |   2058 |      1 |   1 | 2798.0 |
               +--------+--------+--------+--------+--------+-----+--------+

Top non-repeatable levels by time:
       D: 2798 daAuts
